 Dungeon Crawl Stone Soup version 0.23-a0-310-gdcc7a32 (webtiles) character file.

18 namelastname112 the Slasher (level 2, -1/25 HPs)
             Began as a Draconian Gladiator on Oct 12, 2018.
             Slain by a goblin
             ... wielding a +0 dagger
             ... led by Robin
              (2 damage)
             ... on level 1 of the Dungeon.
             The game lasted 00:00:52 (615 turns).

namelastname112 the Slasher (Draconian Gladiator)    Turns: 615, Time: 00:00:53

Health: -1/25      AC:  4    Str: 16    XL:     2   Next: 51%
Magic:  2/2        EV: 12    Int:  8    God:
Gold:   55         SH:  0    Dex: 12    Spells: 1/1 levels left

rFire    . . .     SeeInvis .   a - +0 long sword
rCold    . . .     Gourm    .   (no shield)
rNeg     . . .     Faith    .   (armour unavailable)
rPois    .         Spirit   .   b - +0 hat
rElec    .         Reflect  .   (no cloak)
rCorr    .         Harm     .   (no gloves)
MR       .....                  (no boots)
Stlth    ++........             (no amulet)
HPRegen  0.08/turn              f - ring of stealth
MPRegen  0.08/turn              (no ring)

@: heavily drained
A: unfitting armour, cold-blooded, AC +4
a: no special abilities


You were on level 1 of the Dungeon.
You were not hungry.

You visited 1 branch of the dungeon, and saw 2 of its levels.

You collected 55 gold pieces.

Inventory:

Hand Weapons
 a - a +0 long sword (weapon)
Missiles
 c - 3 throwing nets (quivered)
Armour
 b - a +0 hat (worn)
Jewellery
 f - a ring of stealth (left hand)
Scrolls
 g - a scroll of amnesia {unknown}
 i - 2 scrolls of remove curse {unknown}
 j - a scroll of teleportation {unknown}
 k - a scroll of magic mapping {unknown}
Potions
 e - 3 potions of curing {unknown}
 h - a potion of agility {unknown}
Comestibles
 d - 2 rations


   Skills:
 + Level 2.5(1.3) Fighting
 * Level 3.3(2.1) Long Blades
 + Level 2.0(0.8) Throwing
 + Level 2.9(1.7) Dodging


You had one spell level left.
You didn't know any spells.
Your spell library was empty.

Dungeon Overview and Level Annotations

Branches:
Dungeon (2/15)

Altars:

Annotations:
D:1 Robin


Innate Abilities, Weirdness & Mutations

Your plain brown scales are hard. (AC +4)
You cannot fit into any form of body armour.
You are cold-blooded and may be slowed by cold attacks.


Message History

The goblin hits you but does no damage.
You feel drained.
You take 5 damage, and have 14/25 hp.
You hit Robin but do no damage. The goblin closely misses you.
Robin hits you but does no damage. The goblin completely misses you.
The goblin hits you with a dagger of draining.
You feel drained.
You take 3 damage, and have 11/25 hp.
Robin hits you but does no damage. The goblin closely misses you.
You riposte.
You hit the goblin.
You kill the goblin!
Robin throws the goblin at you! The goblin closely misses you.
The goblin hits you with a dagger of draining.
* * * LOW HITPOINT WARNING * * *
You feel drained.
* * * LOW HITPOINT WARNING * * *
You barely miss the goblin.
The goblin hits you but does no damage. x2
You feel drained.
You take 10 damage, and have 1/25 hp.
MASSIVE DAMAGE!!
Robin throws the goblin at you! The goblin hits you with a dagger.
You die...

#.#######.......######.......
#..................# #######.
#########.#...####.# ###.
#.#...# #.# ##...
##.#...####.# #....
##..>......#.# #....
#...)g.....#.# #....
#..........#.# #....
#.###g@......######....
#.###..g##.............
#.......##.##.#####..##
#..###.###.##.#####..## #..#
#.# #.##.......... #..#
#.###.##..###...## #..#
#......)..# #...# #..#
#####.##.## #...# #..# #.##.#
#...##


You could see Robin and 2 goblins.

Vanquished Creatures
  A dart slug (D:1)
  3 leopard geckos (D:1)
  A hobgoblin (D:1)
  2 kobolds (D:1)
  A bat (D:1)
  A frilled lizard (D:1)
  4 goblins (D:1)
13 creatures vanquished.

Notes
Turn   | Place    | Note
-------+----------+-------------------------------------------
     0 | D:1      | namelastname112 the Draconian Gladiator began the quest for
                  | the Orb.
     0 | D:1      | Reached XP level 1. HP: 17/17 MP: 1/1
   327 | D:1      | Reached XP level 2. HP: 16/25 MP: 2/2
   607 | D:2      | Noticed Robin
   613 | D:1      | HP: 1/25 [goblin/dagger of draining[Robin] (2)]
   615 | D:1      | Slain by a goblin

Vault maps used:
D:1:      mushboom_english_gardens
D:2:      chequers_temple_overflow_statue_of_worship,
          nicolae_overflow_crystal_walls, fedhas_altar_4, uniq_robin

Skill      XL: |  1  2 |
---------------+-------+-----
Throwing       | 2 |  2.0
Fighting       | |  2.5
Long Blades    | |  3.3
Dodging        | |  2.9

Action                   || total
-------------------------++-------
Melee: Long sword        ||    37
       Tailslap          ||     4
 Stab: Sleeping          ||     2
Armor: Skin              ||     8
Dodge: Dodged            ||    39
       Rpst.: Long sword ||     9

Table legend:
 A = Non-vault XP
 B = Vault XP
 C = Vault XP percentage of total XP
 D = Non-vault monster count
 E = Vault monster count
 F = Vault count percentage of total count
                 A         B        C        D         E       F
            +---------+---------+-------+---------+---------+-------
      Total |      25 |       2 |   7.4 |      12 |       1 |   7.7
            +---------+---------+-------+---------+---------+-------
        D:1 |      25 |       2 |   7.4 |      12 |       1 |   7.7
            +---------+---------+-------+---------+---------+-------
